 Dungeon Crawl Stone Soup version 0.24-a0-439-g6dd8730 (webtiles) character file.

Game seed: 6255524812768176319

32 pkoi the Insei (level 3, -3/29 HPs)
             Began as a Demonspawn Monk on June 18, 2019.
             Killed from afar by a dart slug (7 damage)
             ... with a slug dart
             ... on level 2 of the Dungeon.
             The game lasted 00:01:53 (1598 turns).

pkoi the Insei (Demonspawn Monk)                    Turns: 1598, Time: 00:01:54

Health: -3/29      AC:  2    Str: 12    XL:     3   Next: 10%
Magic:  3/3        EV: 15    Int: 11    God:
Gold:   79         SH:  0    Dex: 15    Spells: 2/2 levels left

rFire    . . .     SeeInvis .   c - +0 hand axe
rCold    . . .     Gourm    .   (no shield)
rNeg     . . .     Faith    .   a - +0 robe
rPois    .         Spirit   .   (no helmet)
rElec    .         Reflect  .   (no cloak)
rCorr    .         Harm     .   (no gloves)
MR       .....                  (no boots)
Stlth    ++........             (no amulet)
HPRegen  0.09/turn              (no ring)
MPRegen  0.08/turn              (no ring)

@: no status effects
A: repulsion field 1, powered by pain 1
a: no special abilities


You were on level 2 of the Dungeon.
You were not hungry.

You visited 1 branch of the dungeon, and saw 2 of its levels.

You collected 79 gold pieces.

Inventory:

Hand Weapons
 c - a +0 hand axe (weapon)
Armour
 a - a +0 robe (worn)
Scrolls
 g - a scroll of teleportation {unknown}
 i - a scroll of remove curse {unknown}
 j - a scroll of identify {unknown}
Potions
 d - a potion of curing {unknown}
 e - a potion of might {unknown}
 f - a potion of heal wounds {unknown}
Comestibles
 b - 4 rations
 h - 3 chunks of flesh


   Skills:
 - Level 3.0 Fighting
 - Level 2.6 Dodging
 - Level 1.7 Stealth
 + Level 3.9 Unarmed Combat


You had 2 spell levels left.
You didn't know any spells.
Your spell library was empty.

Dungeon Overview and Level Annotations

Branches:
Dungeon (2/15)

Altars:


Innate Abilities, Weirdness & Mutations

You are surrounded by a mild repulsion field. (EV +2)
You sometimes gain a little power by taking damage.


Message History

The jackal bites you.
* * * LOW HITPOINT WARNING * * *
You closely miss the jackal. Your punch misses the jackal.
The jackal is moderately wounded.
The jackal closely misses you. The jackal bites you.
* * * LOW HITPOINT WARNING * * *
You hit the jackal. You punch the jackal.
You kill the jackal!
You hit the dart slug.
The dart slug is heavily wounded.
The dart slug completely misses you.
You hit the dart slug.
The dart slug is severely wounded.
The dart slug bites you.
* * * LOW HITPOINT WARNING * * *
You hit the dart slug.
The dart slug is almost dead.
The dart slug launches a dart at you. The slug dart hits you!
You die...

#.......#.#(# ..
............#### #.#
.......<..# ...# #.#
#.####.###..#.# #.#.#
#.#....(....... #.#.#
#.#.###.###.#.# #.#.# #.#.#
#.# ###
#.#.####.#.###.####..# #<#
#..........@w......... #.#
#.#.####.#.###)#.###.# #.#
#.#.# ...#.# #†#.###..
#.####.#.####.#.###........
#........# ....##....#....
#........# #.####...#.#..#
#........# #.. ....#._.#.
#........# #####.#..#.#..
.......#.# ..#.. #...#


You could see a dart slug.

Vanquished Creatures
  2 dart slugs (D:1)
  2 leopard geckos (D:1)
  2 goblins
  2 hobgoblins (D:1)
  6 jackals
  4 bats (D:1)
  4 kobolds (D:1)
22 creatures vanquished.

Notes
Turn   | Place    | Note
-------+----------+-------------------------------------------
     0 | D:1      | pkoi the Demonspawn Monk began the quest for the Orb.
     0 | D:1      | Reached XP level 1. HP: 18/18 MP: 1/1
   336 | D:1      | Gained mutation: You sometimes gain a little power by
                  | taking damage. [demonic ancestry]
   336 | D:1      | Reached XP level 2. HP: 20/24 MP: 2/2
  1553 | D:2      | Found a faded altar of an unknown god.
  1567 | D:2      | Gained mutation: You are surrounded by a mild repulsion
                  | field. (EV +2) [demonic ancestry]
  1567 | D:2      | Reached XP level 3. HP: 29/29 MP: 3/3
  1598 | D:2      | Killed from afar by a dart slug

Levels and vault maps discovered:
D:1:      minmay_arrival_up_and_down, layout_basic, skrybe_limestone_x,
          chequers_serial_rivers_room_a
D:2:      layout_basic, chequers_ecumenical_altar_simple_redux,
          minmay_split_cup_large

Skill      XL: |  1 |
---------------+----+-----
Unarmed Combat | 3 |  3.9
Fighting       | |  3.0
Dodging        | |  2.6
Stealth        | |  1.7

Action                   || total
-------------------------++-------
Melee: Hand axe          ||   112
       Punch             ||     1
 Stab: Sleeping          ||     1
  Eat: Chunk             ||     2
Armor: Robe              ||    24
Dodge: Dodged            ||    97

Table legend:
 A = Non-vault XP
 B = Vault XP
 C = Vault XP percentage of total XP
 D = Non-vault monster count
 E = Vault monster count
 F = Vault count percentage of total count
                 A         B        C        D         E       F
            +---------+---------+-------+---------+---------+-------
      Total |      47 |       0 |   0.0 |      22 |       0 |   0.0
            +---------+---------+-------+---------+---------+-------
        D:1 |      37 |       0 |   0.0 |      17 |       0 |   0.0
        D:2 |      10 |       0 |   0.0 |       5 |       0 |   0.0
            +---------+---------+-------+---------+---------+-------
